 Dungeon Crawl Stone Soup version 0.27.0-1-g7a089689b8 (webtiles) character file.

Game seed: 14629446654856119489

12292 avis the Reanimator (level 11, -10/90 HPs)
             Began as a Deep Dwarf Necromancer on Aug 8, 2021.
             Was a Priest of Makhleb.
             Killed from afar by an efreet (26 damage)
             ... with a fireball
             ... on level 10 of the Dungeon.
             The game lasted 01:32:44 (15572 turns).

avis the Reanimator (Deep Dwarf Necromancer)       Turns: 15572, Time: 01:32:45

Health: -10/90     AC: 14    Str: 14    XL:     11   Next: 60%
Magic:  3/19       EV: 13    Int: 16    God:    Makhleb [***...]
Gold:   185        SH:  0    Dex: 20    Spells: 4/22 levels left

rFire    . . .     SeeInvis .   a - +2 halberd (pain)
rCold    . . .     Faith    .   (shield currently unavailable)
rNeg     . . .     Spirit   .   E - +0 acid dragon scales
rPois    .         Reflect  .   j - +0 helmet
rElec    .         Harm     .   F - +2 cloak
rCorr    +         Rampage  .   L - +0 pair of gloves
Will     +....                  D - +2 pair of boots
Stlth    ++........             (no amulet)
HPRegen  0.00/turn              b - +6 ring of dexterity
MPRegen  0.16/turn              (no ring)

@: no status effects
A: damage resistance, heal wounds, sense surroundings 2, no regeneration
a: Heal Wounds, Renounce Religion, Minor Destruction, Lesser Servant of Makhleb


You were on level 10 of the Dungeon.
You worshipped Makhleb.
Makhleb was most pleased with you.
You visited 2 branches of the dungeon, and saw 11 of its levels.

You collected 541 gold pieces.
You spent 356 gold pieces at shops.

Inventory:

Hand Weapons
 a - a +2 halberd of pain (weapon)
 C - a +0 trident of freezing
Missiles
 t - 16 bolts
 u - 20 boomerangs (quivered)
 G - 8 curare-tipped darts
 J - 44 poisoned darts
Armour
 f - the +1 robe "Hualese" {rN+}
   (You found it on level 10 of the Dungeon)

   rN:        It protects you from negative energy.
 j - a +0 helmet (worn)
 D - a +2 pair of boots (worn)
 E - +0 acid dragon scales (worn)
 F - a +2 cloak (worn)
 L - a +0 pair of gloves (worn)
Magical Staves
 l - a staff of cold
 q - a staff of air
Jewellery
 b - a +6 ring of dexterity (left hand)
Wands
 h - a wand of acid (4)
Scrolls
 d - 9 scrolls of identify {unknown}
 i - 4 scrolls of teleportation {unknown}
 m - a scroll of holy word {unknown}
 o - a scroll of noise {unknown}
 p - 3 scrolls of magic mapping {unknown}
 r - a scroll of blinking {unknown}
 v - 4 scrolls of enchant armour {unknown}
 x - a scroll of amnesia
 z - a scroll of silence {unknown}
 I - a scroll of fear {unknown}
Potions
 c - a potion of might
 e - a potion of curing {unknown}
 g - a potion of resistance {unknown}
 k - a potion of degeneration {unknown}
 n - a potion of attraction {unknown}
 s - 3 potions of heal wounds {unknown}
 w - a potion of mutation {unknown}
 B - a potion of flight {unknown}
Miscellaneous
 K - a tin of tremorstones (2/2)


   Skills:
 - Level 3.0 Fighting
 * Level 9.9 Polearms
 - Level 3.0 Dodging
 - Level 2.4 Stealth
 - Level 6.0 Spellcasting
 + Level 12.2 Necromancy
 + Level 9.7 Invocations


You had 4 spell levels left.
You knew the following spells:

 Your Spells              Type           Power      Damage    Failure   Level
a - Pain                  Necr           100%       1d9       1%          1
b - Animate Skeleton      Necr           86%        N/A       1%          1
d - Vampiric Draining     Necr           21%        2d9       1%          3
n - Animate Dead          Necr           21%        N/A       1%          4
u - Dispel Undead         Necr           43%        3d17      1%          4
A - Agony                 Necr           43%        N/A       3%          5

Your spell library contained the following spells:

 Spells                   Type           Power      Damage    Failure   Level
 Corpse Rot               Necr/Air       N/A        N/A       2%          2
 Apportation              Tloc           8%         N/A       21%         1
 Corona                   Hex            4%         N/A       21%         1
 Magic Dart               Conj           16%        1d3       21%         1
 Summon Small Mammal      Summ           16%        N/A       21%         1
 Call Imp                 Summ           4%         N/A       30%         2
 Passwall                 Tmut/Erth      3%         N/A       30%         2
 Poisonous Vapours        Pois/Air       8%         N/A       30%         2
 Mephitic Cloud           Conj/Pois/Air  4%         N/A       52%         3
 Petrify                  Tmut/Erth      4%         N/A       89%         4
 Death Channel            Necr           21%        N/A       21%         6
 Freezing Cloud           Conj/Ice/Air   2%         6-21      99%         5
 Lehudib's Crystal Spear  Conj/Erth      2%         10d2      100%        8


Dungeon Overview and Level Annotations

Branches:
Dungeon (10/15)            Temple (1/1) D:6
   Lair: D:8-11         Orc: D:9-12

Altars:
Ashenzari
Cheibriados
Dithmenos
Elyvilon
Fedhas
Gozag
Hepliaklqana
Kikubaaqudgha
Makhleb
Nemelex Xobeh
Okawaru
Qazlal
Ru
Sif Muna
Trog
Uskayaw
Vehumet
Wu Jian
Xom
Yredelemnul
Zin
The Shining One

Shops:
D:2 [   D:4 (*[[   D:5 [

Annotations:
D:2 1 runed translucent door, exclusion: door


Innate Abilities, Weirdness & Mutations

You are resistant to damage.
You can heal yourself by infusing magical energy.
You passively map the area around you.
You do not regenerate.


Message History

Okay, then.
Casting: Agony (dangerous; 3% risk of failure)
Confirm with . or Enter, or press ? or * to list all spells.
Okay, then.
Okay, then.
You feel much better. The efreet hits you but does no damage.
A demon appears!
The efreet hits you with a +3 scimitar of flaming!
The efreet burns you.
Your +0 trident of freezing stops glowing.
A searing pain shoots up your arm!
a - a +2 halberd of pain (weapon)
The efreet gestures at you.
The fireball explodes!
The fireball engulfs you!!
* * * LOW HITPOINT WARNING * * *
The fireball engulfs the efreet.
The efreet completely resists.
The fireball engulfs the fire elemental.
The fire elemental completely resists.
The fire elemental hits you. The fire elemental burns you!
You hear a shout! x2
Your magical essence is drained by the effort!
You feel much better.
The deep elf pyromancer gestures wildly while chanting.
The deep elf pyromancer blinks!
The fire elemental hits you. The fire elemental burns you!
Your hellwing hits the fire elemental. x2
The efreet gestures at your hellwing.
The fireball explodes!
The fireball engulfs you!!
* * * LOW HITPOINT WARNING * * *
The fireball engulfs the fire elemental.
The fire elemental completely resists.
The fireball engulfs the efreet.
The efreet completely resists.
The fireball engulfs the fire elemental.
The fire elemental completely resists.
You fail to use your ability.
The fire elemental completely misses you. x2
Your hellwing hits the fire elemental.
Your hellwing barely misses the fire elemental.
The efreet gestures at you.
The fireball explodes!
The fireball engulfs you!!
You die...

.#.#####.#.#.....................
.#...#...#.#.[...................
.###.#.###.#.....................
.'.#.....#.'.....................
.#.###.#Z###..........e..........
.#.#...#...#.....................
.#.#.#####.#....4E°°.............
.#...#.....#....EE○....§☼........
######'#########@#########'#####.
.#...Z.....# #R# , #.......##.
.#.######..# #.# #..#####..#.
.#.#.###.#.# #.# ,#. * , ##.#.
.#.##.#Z##.#* *'.+* # ,,#.#.
.'.###.###.+ ,.#. , ,* #.'.
.#.##.#.##.# +☼+* ,* ,#.#.
.#.#.###.#.# ,* , , *#.#.
.#..######.#, *, ..#.


You could see a deep elf pyromancer, an efreet, 3 fire elementals and a friendly
hellwing (summoned).

Vanquished Creatures
  A hydra (D:10)
  2 orc knights (D:10)
  A manticore (D:10)
  Maggie (D:7)
  A komodo dragon (D:10)
  A troll (D:9)
  A hornet (D:8)
  A vampire (D:9)
  16 yaks
  3 wyverns
  A wraith (D:8)
  5 humans (D:7)
  2 steam dragons
  Eustachio (D:4)
  A vampire mosquito (D:10)
  A warg (D:10)
  A sky beast (D:6)
  4 orc warriors
  An ice beast (D:7)
  A black bear (D:5)
  2 centaurs (D:9)
  3 ogres
  2 phantoms (D:5)
  4 bullfrogs
  4 kobold brigands
  11 killer bees
  9 wights
  A howler monkey (D:4)
  3 centaur zombies
  A jelly (D:8)
  2 gnoll shamans
  3 orc priests
  4 hounds
  2 bullfrog skeletons (D:6)
  An iguana (D:4)
  A scorpion zombie (D:5)
  8 orc wizards
  A hound skeleton (D:4)
  A howler monkey zombie (D:9)
  10 gnolls
  A howler monkey skeleton (D:7)
  8 adders
  2 white imps (D:6)
  An ufetubus (D:6)
  2 dart slugs
  15 orcs
  4 bats
  4 endoplasms
  2 giant cockroaches
  6 goblins
  4 hobgoblins
  2 jackals (D:1)
  14 kobolds
  8 quokkas
  9 ball pythons
  4 frilled lizards
  3 rats
208 creatures vanquished.

Vanquished Creatures (collateral kills)
  A two-headed ogre (D:10)
  A centaur zombie (D:10)
  2 yaks (D:10)
  An orc (D:9)
  A giant cockroach (D:1)
  A kobold (D:7)
7 creatures vanquished.

Vanquished Creatures (others)
  2 orc wizards (D:7)
  5 fungi (D:3)
  6 plants (D:3)
13 creatures vanquished.

Grand Total: 228 creatures vanquished

Notes
Turn   | Place    | Note
-------+----------+-------------------------------------------
     0 | D:1      | avis the Deep Dwarf Necromancer began the quest for the
                  | Orb.
     0 | D:1      | Reached XP level 1. HP: 15/15 MP: 3/3
   383 | D:1      | Reached XP level 2. HP: 17/22 MP: 0/4
   607 | D:1      | Reached skill level 5 in Necromancy
   689 | D:1      | Learned a level 1 spell: Animate Skeleton
  1485 | D:2      | Reached XP level 3. HP: 19/28 MP: 1/6
  1551 | D:2      | Learned a level 3 spell: Vampiric Draining
  2145 | D:2      | Found Zeduiv's Antique Armour Emporium.
  2278 | D:2      | Found an ancient bone altar of Kikubaaqudgha.
  2544 | D:2      | Found a runed translucent door.
  2907 | D:3      | Reached XP level 4. HP: 36/36 MP: 5/7
  3358 | D:3      | Reached skill level 6 in Necromancy
  3449 | D:3      | Found a faded altar of an unknown god.
  4056 | D:4      | Found Keme's Armour Shoppe.
  4056 | D:4      | Noticed an ogre
  4081 | D:4      | Found Fifih's Armour Boutique.
  4182 | D:4      | Found Zeduor's Weapon Shoppe.
  4437 | D:4      | Found Dosourphuu's General Store.
  4465 | D:4      | Reached XP level 5. HP: 40/42 MP: 6/8
  4503 | D:4      | Killed an ogre
  4504 | D:4      | Reached skill level 1 in Fighting
  5135 | D:5      | Entered Level 5 of the Dungeon
  5158 | D:5      | Noticed a black bear
  5168 | D:5      | Killed a black bear
  5169 | D:5      | Reached skill level 7 in Necromancy
  5169 | D:5      | Reached XP level 6. HP: 36/51 MP: 0/10
  5268 | D:5      | Learned a level 4 spell: Dispel Undead
  5781 | D:5      | Found Wugeh's Antique Armour Shoppe.
  5801 | D:5      | Reached skill level 8 in Necromancy
  5801 | D:5      | Reached XP level 7. HP: 49/61 MP: 7/11
  5882 | D:5      | Bought a runed ring mail for 224 gold pieces
  5918 | D:5      | Noticed Eustachio
  6029 | D:4      | Killed Eustachio
  6345 | D:5      | Got Sif Muna's Tome of the Mountains
  6541 | D:6      | Reached skill level 9 in Necromancy
  6543 | D:6      | Found a staircase to the Ecumenical Temple.
  6553 | Temple   | Entered the Ecumenical Temple
  6694 | Temple   | Became a worshipper of Makhleb the Destroyer
  7138 | D:5      | Reached XP level 8. HP: 32/69 MP: 7/14
  7639 | D:6      | Found a shadowy altar of Dithmenos.
  7736 | D:6      | Identified the +3 leather armour of Beauty {rN++ Regen+
                  | rCorr Stlth+}
  8150 | D:6      | Reached skill level 5 in Spellcasting
  8150 | D:6      | Reached skill level 1 in Invocations
  8767 | D:7      | Noticed Maggie
  8778 | D:7      | Killed Maggie
  8779 | D:7      | Reached skill level 10 in Necromancy
  9023 | D:7      | Reached * piety under Makhleb
  9038 | D:7      | Reached skill level 1 in Polearms
  9040 | D:7      | Gained mutation: You passively map the area around you.
                  | [Deep Dwarf growth]
  9040 | D:7      | Reached XP level 9. HP: 53/75 MP: 2/17
  9414 | D:7      | Learned a level 4 spell: Animate Dead
  9419 | D:7      | Identified the +5 whip of Zaxeneq {freeze, Contam Fly rF+
                  | rN+}
  9647 | D:7      | Reached skill level 5 in Invocations
  9704 | D:4      | Bought a scroll of amnesia for 42 gold pieces
  9710 | D:4      | Learned a level 5 spell: Agony
  9710 | D:4      | Bought a scroll of enchant weapon for 90 gold pieces
 10141 | D:7      | Reached skill level 5 in Polearms
 10250 | D:8      | Reached ** piety under Makhleb
 10714 | D:8      | Reached XP level 10. HP: 78/84 MP: 10/19
 11835 | D:8      | Reached skill level 11 in Necromancy
 13010 | D:9      | Reached *** piety under Makhleb
 13613 | D:10     | Entered Level 10 of the Dungeon
 13613 | D:10     | Noticed a two-headed ogre
 13801 | D:10     | Identified the +1 robe "Hualese" {rN+}
 13914 | D:10     | Noticed a manticore
 13928 | D:10     | Killed a manticore
 14159 | D:10     | Noticed a deep elf pyromancer
 14603 | D:10     | Reached XP level 11. HP: 54/90 MP: 7/20
 14720 | D:10     | HP: 4/90 [komodo dragon (13)]
 15082 | D:10     | Noticed an orc knight
 15109 | D:10     | Killed an orc knight
 15273 | D:10     | Reached skill level 12 in Necromancy
 15403 | D:10     | Killed a two-headed ogre
 15547 | D:10     | Noticed an orc knight
 15550 | D:10     | Noticed a seven-headed hydra
 15558 | D:10     | Killed an orc knight
 15565 | D:10     | Killed a seven-headed hydra
 15572 | D:10     | Killed from afar by an efreet

Illustrated notes

Levels and vault maps discovered:
D:1:      lightli_molten_gateway, layout_basic, minmay_misc_feat_ornament,
          minmay_quantized
D:2:      layout_basic, serial_corexii_hall, corexii_hall_statues_u,
          chequers_hall_statues_wall_a, basic_altar, serial_shops,
          nicolae_square_shop, uniq_crazy_yiuf_cottage
D:3:      layout_loops_corners, shapermc_ecumenical_altar_mp_ritualfount
D:4:      layout_loops_ring, serial_shops, shop, nicolae_diamond_shop,
          nicolae_shop_temple_entry_statues_fountains, shop, nrook_campfire
D:5:      layout_basic, serial_shops, nicolae_shop_stone, uniq_eustachio
D:6:      layout_gridville, nicolae_dithmenos_shadow_blocks,
          minmay_temple_entry_waves
D:7:      layout_basic, minmay_misc_feat_enclosed, minmay_ruffians, uniq_maggie
D:8:      layout_gridville, grunt_ministairs_7, st_stairs_5
D:9:      layout_basic
D:10:     minmay_the_grid_net [minmay_the_grid_pillar_ring,
          minmay_the_grid_paths, minmay_the_grid_armoury,
          minmay_the_grid_dragon_b, minmay_the_grid_box_x,
          minmay_the_grid_prize_four_corners], layout_irregular_city
Temple:   grunt_wide_crystal_templ

Skill      XL: |  1  2  3  4  5  6  7  8  9 10 11 |
---------------+----------------------------------+-----
Necromancy     | 5 6 7 8 9 10 11 12 | 12.2
Spellcasting   | 2 3 4 5 6 |  6.0
Fighting       | 1 2 3 |  3.0
Dodging        | 3 |  3.0
Invocations    | 3 5 8 9 |  9.7
Polearms       | 1 6 8 9 |  9.9
Stealth        | |  2.4

Action                   |  1- 3 |  4- 6 |  7- 9 | 10-12 || total
-------------------------+-------+-------+-------+-------++-------
Melee: Unarmed           |     7 |       |       |       ||     7
       Falchion          |       |    41 |    62 |       ||   103
       Halberd           |       |       |   119 |   199 ||   318
       Morningstar       |       |       |    12 |       ||    12
       Hand axe          |       |       |     8 |       ||     8
       Trident           |       |       |       |     6 ||     6
 Fire: Hunting sling     |     3 |     1 |       |       ||     4
Throw: Boomerang         |       |       |    14 |       ||    14
 Cast: Pain              |    58 |    33 |       |     3 ||    94
       Animate Skeleton  |    10 |    13 |    23 |     1 ||    47
       Vampiric Draining |     6 |    19 |    82 |    82 ||   189
       Dispel Undead     |       |       |    11 |     7 ||    18
       Animate Dead      |       |       |     4 |    11 ||    15
       Agony             |       |       |       |     2 ||     2
Invok: Lesser Servant of |       |       |       |     1 ||     1
 Abil: Heal Wounds       |       |       |       |     5 ||     5
  Use: Scroll            |       |       |     2 |       ||     2
 Stab: Sleeping          |       |       |     2 |     1 ||     3
Armor: Robe              |     3 |       |       |       ||     3
       Ring mail         |     3 |    22 |    58 |       ||    83
       Acid dragon scale |       |       |    94 |   131 ||   225
       Leather armour    |       |       |     4 |       ||     4
Dodge: Dodged            |    12 |    26 |   234 |   171 ||   443
       Rpst.: Falchion   |       |     8 |    24 |       ||    32
